 Dungeon Crawl Stone Soup version 0.30-a0-23-ge60ba3568b (webtiles) character file.

Game seed: 4647709817771974496

5778 nickcage the Basher (level 10, -11/91 HPs)
             Began as a Minotaur Abyssal Knight on Aug 25, 2022.
             Was a High Priest of Lugonu.
             Mangled by a kobold
             ... wielding a +1 dagger of electrocution
              (19 damage)
             ... on level 8 of the Dungeon.
             The game lasted 00:25:28 (9969 turns).

nickcage the Basher (Minotaur Abyssal Knight)       Turns: 9969, Time: 00:25:28

Health: -11/91     AC: 17    Str: 22    XL:     10   Next: 50%
Magic:  10/10      EV:  7    Int:  7    God:    Lugonu [*****.]
Gold:   431        SH:  0    Dex: 17    Spells: 9/9 levels left

rFire   . . .      SeeInvis .    a - +1 mace (flame)
rCold   . . .      Faith    .    (no shield)
rNeg    . . .      Spirit   .    l - +0 plate armour {rPois}
rPois   +          Reflect  .    (helmet restricted)
rElec   .          Harm     .    m - +0 cloak
rCorr   .          Rampage  .    r - +0 pair of gloves
Will    .....                    y - +0 pair of boots
Stlth   ..........               (no amulet)
HPRegen 0.25/turn                c - +6 ring of dexterity
MPRegen 0.12/turn                (no ring)

@: studying Staves
A: horns 2, retaliatory headbutt
a: Renounce Religion, Depart the Abyss, Bend Space, Banish, Corrupt, Enter the
Abyss


You were on level 8 of the Dungeon.
You worshipped Lugonu.
Lugonu was extremely pleased with you.
You visited 1 branch of the dungeon, and saw 9 of its levels.
You visited the Abyss 1 time.

You collected 431 gold pieces.

Inventory:

Hand Weapons
 a - a +1 mace of flaming (weapon)
 q - a +2 flail
 z - a +0 flail
Armour
 b - a +0 leather armour
 g - a +0 ring mail
 l - a +0 plate armour of poison resistance (worn)
 m - a +0 cloak (worn)
 r - a +0 pair of gloves (worn)
 y - a +0 pair of boots (worn)
Jewellery
 c - a +6 ring of dexterity (left hand)
 k - a ring of wizardry
Wands
 t - a wand of iceblast (6) (quivered)
 C - a wand of flame (5)
Scrolls
 h - 5 scrolls of torment
 j - a scroll of blinking
 w - a scroll of fear
 x - a scroll of teleportation
 A - a scroll of poison {unknown}
 D - 3 scrolls of enchant weapon
Potions
 d - 7 potions of curing
 e - 6 potions of heal wounds
 f - 2 potions of might
 i - a potion of lignification
 n - a potion of degeneration
 o - 2 potions of mutation {unknown}
 s - a potion of cancellation {unknown}
 u - 2 potions of resistance
 v - a potion of ambrosia {unknown}
 B - a potion of berserk rage {unknown}
 F - a potion of invisibility {unknown}
Miscellaneous
 p - a piece from Xom's chessboard (15/15)


   Skills:
 * Level 9.6 Fighting
 + Level 14.7 Maces & Flails
 + Level 0.1 Throwing
 + Level 8.1 Armour
 - Level 1.1 Dodging
 - Level 1.7 Invocations
 - Level 0.1 Evocations


You had 9 spell levels left.
You didn't know any spells.
Your spell library contained the following spells:

 Spells                   Type           Power      Damage    Failure   Level
 Magic Dart               Conj           0%         1d3       100%        1
 Searing Ray              Conj           0%         2d4       100%        2
 Gell's Gravitas          Tloc           0%         N/A       100%        3
 Teleport Other           Tloc           0%         N/A       100%        3
 Tukima's Dance           Hex            0%         N/A       100%        3
 Fulminant Prism          Conj/Hex       0%         3d6       100%        4
 Passage of Golubria      Tloc           0%         N/A       100%        4
 Yara's Violent Unravell  Hex/Tmut       0%         3d3       100%        5
 Dispersal                Tloc           0%         N/A       100%        6


Dungeon Overview and Level Annotations

Branches:
Dungeon (9/15)             Temple (0/1) D:7
   Lair: D:8-11         Orc: D:9-12

Altars:
Ashenzari
Cheibriados
Elyvilon
Fedhas
Hepliaklqana
Kikubaaqudgha
Makhleb
Qazlal
Xom
Yredelemnul
Zin
The Shining One

Shops:
D:9 [=


Innate Abilities, Weirdness & Mutations

You have a pair of horns on your head.
You reflexively headbutt those who attack you in melee.


Message History

* * * LOW HITPOINT WARNING * * *
You climb upwards.
There is a stone staircase leading down here.
You hit the wolf but do no damage. The wolf bites you but does no damage.
The kobold hits you but does no damage. The kobold barely misses you.
You closely miss the wolf. The wolf bites you but does no damage.
The kobold hits you but does no damage.
The wolf pauses to sniff the ground.
The wolf closely misses you. The kobold barely misses you.
You hit the wolf. You burn the wolf.
The wolf is lightly wounded.
The wolf bites you!
* * * LOW HITPOINT WARNING * * *
You hit the wolf but do no damage.
The wolf is lightly wounded.
The kobold hits you but does no damage. The wolf bites you but does no damage.
The kobold hits you with a +0 short sword.
* * * LOW HITPOINT WARNING * * *
You barely miss the wolf.
The wolf is lightly wounded.
The wolf bites you but does no damage. The kobold completely misses you.
The kobold closely misses you.
You closely miss the wolf.
You headbutt the wolf, but do no damage.
The wolf is lightly wounded.
The wolf bites you.
* * * LOW HITPOINT WARNING * * *
The kobold hits you but does no damage.
You sock the wolf! You burn the wolf.
The wolf is severely wounded.
The wolf bites you.
* * * LOW HITPOINT WARNING * * *
The kobold hits you but does no damage. The wolf barely misses you.
You furiously retaliate!
You headbutt the wolf, but do no damage.
You barely miss the wolf. You headbutt the wolf.
You kill the wolf!
Lugonu accepts your kill. The kobold hits you but does no damage.
You are electrocuted!!
You die...

### ##.## ##...##
###.....#####
#...........##########
#.....................
#........##.##########
#.#..@K.###.# # #.##.K.####.##
# #.###.#......# # #.#
#.#.###..# # #.# #.#.###..# #
#.###..#.##..# ###
###.....###....# #..
#######...#.##.#.###.#######..
#.........#...#.## #..........


You could see 2 kobolds.

Vanquished Creatures
  A two-headed ogre (D:9)
  8 yaks
  A steam dragon (D:8)
  Menkaure (D:5)
  An acid dragon (D:8)
  Duvessa (D:5)
  A water moccasin (D:9)
  2 sky beasts (D:8)
  An ice beast (D:8)
  3 orc warriors
  5 black bears
  A centaur (D:8)
  3 ogres
  4 wolves
  A phantom (D:5)
  A kobold brigand (D:9)
  2 bullfrogs
  2 scorpions
  10 wights
  Dowan (D:5)
  2 howler monkeys
  2 jellies
  3 orc priests
  4 hounds
  A gnoll bouda (D:6)
  2 iguanas
  5 orc wizards
  8 gnolls
  2 river rats (D:4)
  9 adders
  A shadow imp (D:7)
  An ufetubus (D:7)
  2 worms
  5 dart slugs
  31 orcs
  5 bats
  16 endoplasms
  4 giant cockroaches
  11 goblins
  9 hobgoblins
  14 jackals
  5 quokkas
  10 ball pythons
  A frilled lizard (D:2)
  9 kobolds
  11 rats
  A spectral goblin (D:6)
224 creatures vanquished.

Notes
Turn   | Place    | Note
-------+----------+-------------------------------------------
     0 | Abyss:1  | nickcage the Minotaur Abyssal Knight began the quest for
                  | the Orb.
     0 | Abyss:1  | Reached XP level 1. HP: 19/19 MP: 1/1
     1 | D:1      | Escaped the Abyss
   122 | D:1      | Reached skill level 3 in Maces & Flails
   128 | D:1      | Reached XP level 2. HP: 20/26 MP: 2/2
   263 | D:1      | Found a faded altar of an unknown god.
   389 | D:1      | Reached skill level 4 in Maces & Flails
   646 | D:1      | Reached XP level 3. HP: 31/31 MP: 3/3
   655 | D:1      | Reached *** piety under Lugonu
  1411 | D:2      | Reached skill level 5 in Maces & Flails
  1605 | D:2      | Reached XP level 4. HP: 26/39 MP: 4/4
  2284 | D:3      | Reached skill level 6 in Maces & Flails
  2301 | D:3      | Found a stormy altar of Qazlal.
  2371 | D:3      | Reached **** piety under Lugonu
  2876 | D:3      | Reached XP level 5. HP: 40/45 MP: 5/5
  2952 | D:3      | Found a glowing golden altar of the Shining One.
  3149 | D:4      | Noticed an orc warrior
  3150 | D:4      | Noticed a black bear
  3161 | D:4      | Reached skill level 7 in Maces & Flails
  3169 | D:3      | Killed an orc warrior
  3170 | D:3      | Reached XP level 6. HP: 13/51 MP: 6/6
  3480 | D:4      | Found a broken altar of Ashenzari.
  3531 | D:4      | Reached skill level 8 in Maces & Flails
  3876 | D:4      | Reached skill level 9 in Maces & Flails
  3876 | D:4      | Reached XP level 7. HP: 46/57 MP: 7/7
  4565 | D:5      | Entered Level 5 of the Dungeon
  4670 | D:5      | Reached skill level 10 in Maces & Flails
  4676 | D:5      | Reached ***** piety under Lugonu
  4832 | D:5      | Noticed Menkaure
  4855 | D:5      | Killed Menkaure
  4856 | D:5      | Reached skill level 11 in Maces & Flails
  4996 | D:5      | Noticed Dowan
  5000 | D:5      | Reached XP level 8. HP: 21/64 MP: 8/8
  5284 | D:5      | Killed Dowan
  5409 | D:5      | Noticed Duvessa
  5422 | D:5      | Killed Duvessa
  5423 | D:5      | Reached skill level 12 in Maces & Flails
  6038 | D:6      | Found a glowing silver altar of Zin.
  6090 | D:6      | Found an ancient bone altar of Kikubaaqudgha.
  6225 | D:6      | Reached skill level 13 in Maces & Flails
  6859 | D:6      | Found a hazy altar of Hepliaklqana.
  7121 | D:7      | Found a staircase to the Ecumenical Temple.
  7228 | D:7      | Found a snail-covered altar of Cheibriados.
  7248 | D:7      | Reached XP level 9. HP: 72/72 MP: 9/9
  7284 | D:7      | Found a burning altar of Makhleb.
  7304 | D:7      | Reached skill level 5 in Fighting
  7453 | D:7      | Identified the +6 scale mail of Muikh {*Corrode rN+ Int+3}
  7621 | D:7      | Found a blossoming altar of Fedhas.
  7622 | D:7      | Found a white marble altar of Elyvilon.
  7623 | D:7      | Found a basalt altar of Yredelemnul.
  7727 | D:8      | Found a shimmering altar of Xom.
  7972 | D:8      | Reached skill level 5 in Armour
  8429 | D:8      | Reached skill level 14 in Maces & Flails
  9325 | D:9      | Found Ebloyla's Armour Boutique.
  9405 | D:9      | Reached XP level 10. HP: 36/88 MP: 10/10
  9443 | D:8      | HP: 2/88 [yak (8)]
  9831 | D:9      | Found Doeb's Jewellery Emporium.
  9912 | D:9      | Noticed a two-headed ogre
  9919 | D:9      | Killed a two-headed ogre
  9969 | D:8      | Mangled by a kobold

Illustrated notes

Levels and vault maps discovered:
D:1:      dpeg_arrival_connections, layout_loops_ring,
          ebering_ecumenical_altar_webs, minmay_pentomino_x2
D:2:      layout_basic
D:3:      layout_basic, mainiacjoe_overflow_alcove_4, grunt_qazlal_sundering,
          minmay_box_of_dots
D:4:      layout_basic, overflow_temple_1_default, portal_sewer_entry_e,
          minmay_manual_moon
D:5:      nicolae_cairo_tiling_large_dashed, layout_rooms, uniq_duvessa,
          uniq_menkaure
D:6:      layout_loops_ring, mainiacjoe_overflow_chevrons,
          nicolae_overflow_hidden_temple, nicolae_hepliaklqana_monster_ancestors
D:7:      layout_loops_ring, bloody_makhleb, kennysheep_slug_shrine,
          chequers_temple_overflow_statue_of_worship, minmay_temple_entry_waves,
          hellmonk_bongcloud_opening
D:8:      layout_loops_ring, overflow_temple_1_default, serial_rivers,
          chequers_serial_rivers_large_a, chequers_serial_rivers_marsh,
          chequers_serial_rivers_micro_e, chequers_serial_rivers_marsh,
          chequers_serial_rivers_small_3, chequers_serial_rivers_room_b,
          grunt_decor_mini_mirrors, hangedman_abyss_or_decor_passed
D:9:      layout_rooms, erik_lair_island, serial_shops, nicolae_take_the_stairs,
          nicolae_shop_behind_doors, nicolae_shop_crystal, kennysheep_mini,
          serial_park_tiny_pond, nicolae_diode_basic, uniq_erica

Skill      XL: |  1  2  3  4  5  6  7  8  9 10 |
---------------+-------------------------------+-----
Maces & Flails | 3 4 5 6 7 9 11 13 14 | 14.7
Fighting       | 4 7 9 |  9.6
Armour         | 3 6 8 |  8.1
Throwing       | |  0.1
Dodging        | |  1.1
Invocations    | |  1.7
Evocations     | |  0.1

Action                   |  1- 3 |  4- 6 |  7- 9 | 10-12 || total
-------------------------+-------+-------+-------+-------++-------
Melee: Mace              |    89 |   116 |   363 |    73 ||   641
       Headbutt          |    12 |    14 |    65 |    22 ||   113
       Punch             |       |     1 |     4 |       ||     5
Throw: Javelin           |       |       |     1 |     1 ||     2
Evoke: Wand              |       |       |     4 |     3 ||     7
       Piece from Xom's  |       |       |     1 |       ||     1
  Use: Scroll            |       |     8 |     9 |       ||    17
 Stab: Sleeping          |     2 |       |       |       ||     2
Armor: Leather armour    |    16 |       |       |       ||    16
       Ring mail         |    15 |    24 |       |       ||    39
       Plate armour      |       |    28 |   181 |    41 ||   250
Dodge: Dodged            |    56 |    54 |    94 |    19 ||   223

Table legend: (Time is in decaauts)
 A = Elapsed time spent in this place.
 B = Non-inter-level travel time spent in this place.
 C = Inter-level travel time spent in this place.
 D = Time resting spent in this place.
 E = Time spent auto-exploring this place.
 F = Levels seen in this place.
 G = Mean time per level.
                   A        B        C        D        E       F      G
               +--------+--------+--------+--------+--------+-----+--------+
         Total |   9916 |   9526 |    390 |   2048 |   6040 |  10 |  991.6 |
       Dungeon |   9915 |   9525 |    390 |   2048 |   6040 |   9 | 1101.7 |
         Abyss |      1 |      1 |      0 |      0 |      0 |   1 |    1.0 |
               +--------+--------+--------+--------+--------+-----+--------+

Top non-repeatable levels by time:
     D:8: 1888 daAuts
     D:4: 1369 daAuts
     D:3: 1311 daAuts
     D:1: 1110 daAuts
     D:5: 1041 daAuts
     D:2: 1035 daAuts
     D:6: 1015 daAuts
     D:7: 785 daAuts
     D:9: 358 daAuts
 Abyss:1: 1 daAuts
